 Dungeon Crawl Stone Soup version 0.32-a0-656-g3542139ebd (webtiles) character file.

Game seed: 6098373034946322932

1136 ytrimaz the Covert (level 8, -17/72 HPs)
             Began as an Octopode Shapeshifter on Mar 8, 2024.
             Was an Initiate of Ashenzari.
             Demolished by an ogre
             ... wielding a +0 giant club
              (26 damage)
             ... on level 5 of the Dungeon.
             The game lasted 00:05:07 (3677 turns).

ytrimaz the Covert (Octopode Shapeshifter)          Turns: 3677, Time: 00:05:07

Health: -17/72     AC: 24    Str: 13    XL:     8   Next: 36%
Magic:  8/8        EV:  2    Int: 15    God:    Ashenzari [......]
Gold:   132        SH:  0    Dex: 11    Spells: 7/7 levels left

rFire   . .          .
                       - Unarmed
rCold   . . .        (no shield)
rNeg    . . .        (helmet currently unavailable)
rPois   +            d - amulet of regeneration
rElec   .            (no ring)
rCorr   .            (no ring)
SInv    .            (no ring)
Will    .....        (no ring)
Stlth   ++++         (no ring)
HPRegen 1.12/turn    (no ring)
MPRegen 0.11/turn    (no ring)
                     (no ring)

%: random rage (3%)
@: tree-form
A: stationary, stasis, torment immunity, boosted hp, almost no armour,
(amphibious), 8 rings, (camouflage 1), (gelatinous body 1), (nimble swimmer 1),
(tentacles), berserk 1
a: Renounce Religion


You were on level 5 of the Dungeon.
You worshipped Ashenzari.
Ashenzari was noncommittal.
You were a tree.
You visited 2 branches of the dungeon, and saw 6 of its levels.

You collected 297 gold pieces.
You spent 165 gold pieces at shops.


Innate Abilities, Weirdness & Mutations

You are a tree.
Your roots penetrate the ground, keeping you stationary.
You cannot be teleported.
You are immune to unholy pain and torment.
Your maximum health is greatly increased.
You cannot wear most types of armour.
((You are amphibious.))
You can wear up to eight rings at the same time.
((Your skin changes colour to match your surroundings (Stealth+).))
((Your rubbery body absorbs attacks. (AC +1, EV +1)))
((You are camouflaged when in or above water. (Stealth+)))
((You have tentacles for arms and can constrict up to eight enemies at once.))
You sometimes lose your temper in combat.


   Skills:
 - Level 1.0 Fighting
 - Level 2.0 Dodging
 - Level 10.0 Stealth
 + Level 7.2 Unarmed Combat
 - Level 3.0 Shapeshifting


You had 7 spell levels left.
You didn't know any spells.
Your spell library contained the following spells:

 Spells                   Type           Power      Damage    Failure   Level
 Summon Small Mammal      Summ           0%         N/A       26%         1
 Call Canine Familiar     Summ           0%         N/A       63%         3
 Animate Dead             Necr           0%         N/A       95%         4
 Passage of Golubria      Tloc           0%         N/A       95%         4
 Summon Blazeheart Golem  Fire/Summ      0%         N/A       95%         4
 Borgnjor's Vile Clutch   Necr/Erth      0%         N/A       100%        5
 Silence                  Hex/Air        0%         N/A       100%        5
 Death Channel            Necr           0%         N/A       100%        6
 Lehudib's Crystal Spear  Conj/Erth      0%         10d2      100%        8

Inventory:

Jewellery
 d - an amulet of regeneration (around neck)
   (You found it on level 2 of the Dungeon)
Talismans
 b - a beast talisman (active)
 c - a flux talisman
Scrolls
 f - 2 scrolls of noise
 h - 3 scrolls of teleportation
 j - a scroll of fog
 l - 2 scrolls of revelation
 p - 3 scrolls of identify
 q - a scroll of fear {unknown}
 r - a scroll of enchant weapon {unknown}
Potions
 e - a potion of curing
 g - a potion of might
 i - a potion of attraction
 k - 5 potions of enlightenment
 m - 2 potions of heal wounds
 n - a potion of brilliance
 o - a potion of ambrosia

Dungeon Overview and Level Annotations

Branches:
Dungeon (5/15) Zot: 26286  Temple (1/1) D:5 Zot: 5981

Altars:
Ashenzari
Cheibriados
Dithmenos
Elyvilon
Fedhas
Gozag
Hepliaklqana
Okawaru
Qazlal
Sif Muna
Vehumet
Wu Jian
Xom
Yredelemnul
The Shining One
Beogh

Shops:
D:3 ( D:4

!
#...##..##.........
#..................
#....#..#..........
#...##..#?.........
#### #..#..........
#..#..........
#..#..........
#.##.........# ..
#..โ™ฃ.....##
#...O##### ##...#
#...# #####


You could see an ogre.


Message History

The orc misses you. ๐Ÿ˜• HP[+1]
You tentacle-slap the orc. You grab the orc. You squeeze the orc.
You kill the orc!
The orc hits you with a +0 club. ๐Ÿ˜• HP[-3]
You take 3 damage, and now have 43/48 hp.
Unknown command.
You bludgeon the orc!
You kill the orc!
The orc barely misses you. ๐Ÿ˜• HP[+1]
The orc closely misses you.
There is a fountain of clear blue water here.
Things that are here:
a +0 club; an orc corpse; ๐Ÿ˜• HP[+1]
You closely miss the orc. Your grab misses the orc. You squeeze the orc.
The orc hits you with a +0 club. ๐Ÿ˜• HP[-3]
You take 3 damage, and now have 42/48 hp.
Unknown command.
You tentacle-slap the orc.
You kill the orc! ๐Ÿ˜• HP[+1] No target in view!
There is a staircase to the Ecumenical Temple here. ๐Ÿ˜• HP[+1]
You climb downwards.
Welcome to the Ecumenical Temple!
Found a staircase back to the Dungeon.
There is a staircase back to the Dungeon here. ๐Ÿ˜• HP[+2]
You regained 2 hp, and now have 46/48 hp.
Search for what [? for help]? ash
Found a broken altar of Ashenzari.
There is a broken altar of Ashenzari here. ๐Ÿ˜Ž HP[+2]
Your hp is fully restored (48).
You curl up in front of the altar of Ashenzari.
Ashenzari welcomes you!
Ashenzari warns you of distant threats and treasures.
Ashenzari shows you where magical portals lie.
Unknown command.
Press < or > to pray at altars.
You offer a prayer to Ashenzari.
Found a snail-covered altar of Cheibriados.
There is a staircase back to the Dungeon here.
You climb upwards.
Welcome back to the Dungeon!
There is a staircase to the Ecumenical Temple here.
You open the door.
There is an open door here.
You open the door.
An iguana comes into view.
An iguana is nearby!
An iguana is nearby!
There is an open door here.
The iguana hisses angrily.
The iguana bites you. ๐Ÿ˜• HP[-1]
You take 1 damage, and now have 47/48 hp.
You bludgeon the iguana! You grab the iguana. You squeeze the iguana.
You kill the iguana! ๐Ÿ˜Ž HP[+1]
Your hp is fully restored (48).
You see here an iguana corpse.
Items here: )) [ รทรท.
Items here: ( )) [ โ€ โ€ .
Found a hazy altar of Hepliaklqana.
There is an open door here.
There is a hazy altar of Hepliaklqana here.
There is an open door here.
Things that are here:
a +0 robe; a +0 dagger; an orc skeleton
Items here: ( )) [ รทรท.
Items here: ( )) [ รทรท.
Items here: )))) [ รทรทรท.
An ogre comes into view. It is wielding a +0 giant club.
The helpless ogre fails to defend itself.
You tentacle-slap the ogre. Your squeeze misses the ogre.
The ogre hits you with a +0 giant club!! ๐Ÿ˜ฎ HP[-22]
You take 22 damage, and now have 26/48 hp.
MASSIVE DAMAGE!! (PAUSE)
You bludgeon the ogre! ๐Ÿ˜ฎ HP[+1] Unknown command.
You tentacle-slap the ogre.
The ogre closely misses you. ๐Ÿ˜ฎ HP[+1]
You barely miss the ogre.
The ogre hits you with a +0 giant club!!
Ouch! That really hurt!
* * * LOW HITPOINT WARNING * * *
๐Ÿ˜ฑ HP[-24]
You take 24 damage, and now have 4/48 hp.
MASSIVE DAMAGE!! (PAUSE)
You bludgeon the ogre! ๐Ÿ˜ฑ HP[+1] Unknown command.
Your transformation has ended.
You turn into a tree.
Your roots penetrate the ground.
The ogre hits you with a +0 giant club!!
You die...

Skill      XL: |  1  2  3  4  5  6  7  8 |
---------------+-------------------------+-----
Stealth        | 1 3 4 5 6 8 10 | 10.0
Unarmed Combat | 4 5 7 |  7.2
Fighting       | |  1.0
Dodging        | |  2.0
Shapeshifting  | |  3.0

Action                     |  1- 3 |  4- 6 |  7- 9 || total
---------------------------+-------+-------+-------++-------
  Melee: Unarmed           |    46 |    69 |    73 ||   188
         Constrict         |    12 |    19 |    12 ||    43
         Tentacles         |    11 |    15 |    12 ||    38
         Punch             |     1 |     2 |     2 ||     5
    Use: Scroll            |     3 |     4 |     3 ||    10
         Potion            |     1 |     1 |     2 ||     4
   Stab: Sleeping          |     6 |    13 |     8 ||    27
 Armour: Skin              |    16 |    31 |    66 ||   113
  Dodge: Dodged            |    25 |    26 |    29 ||    80

Levels and vault maps discovered:
D:1:      lightli_arrival_chessboard, layout_basic, kennysheep_decorative_pillar
D:2:      layout_basic, serial_bayou, serial_bayou_shore_b,
          serial_bayou_shore_a, serial_bayou_pond_d, serial_bayou_lagoon_a,
          serial_bayou_pond_b
D:3:      layout_basic, grunt_dithmenos_smoke_and_mirrors, serial_shops,
          nicolae_shop_bloodbath_and_beyond,
          hellmonk_ecumenical_altar_inner_sanctum
D:4:      layout_loops_ring, serial_shops, shop, kennysheep_orc_chapel,
          uniq_eustachio
D:5:      layout_rooms, worldfamousw_hep_ancestral_shrine,
          kennysheep_vampire_church, zin_treasury, mainiacjoe_overflow_catwalk,
          minmay_temple_entry_hall, serial_bayou_lake_a, uniq_prince_ribbit1,
          uniq_sigmund, uniq_crazy_yiuf_cottage
Temple:   hellmonk_temple_flake

Notes
Turn   | Place    | Note
-------+----------+-------------------------------------------
     0 | D:1      | ytrimaz the Octopode Shapeshifter began the quest for the
                  | Orb.
     0 | D:1      | Reached XP level 1. HP: 13/13 MP: 1/1
     0 | D:1      | magus.rc [v1.9.6]
    52 | D:1      | Reached skill level 1 in Stealth
   164 | D:1      | Reached XP level 2. HP: 18/18 MP: 2/2
   184 | D:1      | Reached skill level 2 in Stealth
   246 | D:1      | You pick up a book of Callings and begin reading...
   246 | D:1      | You add the spells Summon Small Mammal, Call Canine
                  | Familiar and Summon Blazeheart Golem to your library.
   632 | D:1      | Gained mutation: You sometimes lose your temper in combat.
                  | [potion of mutation]
   692 | D:2      | Reached skill level 3 in Stealth
   692 | D:2      | Reached XP level 3. HP: 23/23 MP: 3/3
   824 | D:2      | You pick up a book of Unlife and begin reading...
   824 | D:2      | You add the spells Animate Dead, Borgnjor's Vile Clutch and
                  | Death Channel to your library.
  1038 | D:1      | Reached skill level 4 in Stealth
  1060 | D:1      | Reached XP level 4. HP: 28/28 MP: 4/4
  1589 | D:3      | Found Mytafari's Weapon Shop.
  1686 | D:3      | Noticed an ice beast
  1733 | D:3      | Found a faded altar of an unknown god.
  1893 | D:3      | Reached skill level 5 in Stealth
  1893 | D:3      | Reached skill level 4 in Unarmed Combat
  1930 | D:3      | Reached XP level 5. HP: 33/33 MP: 5/5
  2007 | D:3      | Killed an ice beast
  2008 | D:3      | Reached skill level 6 in Stealth
  2008 | D:3      | Reached XP level 6. HP: 38/38 MP: 6/6
  2308 | D:3      | Found a shadowy altar of Dithmenos.
  2420 | D:4      | Reached skill level 7 in Stealth
  2444 | D:4      | Noticed a black bear
  2450 | D:4      | Killed a black bear
  2496 | D:4      | Reached skill level 5 in Unarmed Combat
  2549 | D:4      | Noticed Eustachio
  2556 | D:4      | Killed Eustachio
  2557 | D:4      | Reached skill level 8 in Stealth
  2557 | D:4      | Reached XP level 7. HP: 43/43 MP: 7/7
  2597 | D:4      | You pick up a book of the Moon and begin reading...
  2597 | D:4      | You add the spells Passage of Golubria, Silence and
                  | Lehudib's Crystal Spear to your library.
  2624 | D:4      | Found a roughly hewn altar of Beogh.
  2672 | D:4      | Found Neufut's Distillery.
  2680 | D:4      | Reached skill level 9 in Stealth
  2692 | D:4      | Bought a potion of heal wounds for 55 gold pieces
  2692 | D:4      | Bought a potion of brilliance for 44 gold pieces
  2692 | D:4      | Bought a potion of degeneration for 11 gold pieces
  2692 | D:4      | Bought a potion of enlightenment for 55 gold pieces
  3165 | D:5      | Entered Level 5 of the Dungeon
  3178 | D:5      | Reached skill level 10 in Stealth
  3178 | D:5      | Reached XP level 8. HP: 29/48 MP: 8/8
  3208 | D:5      | Reached skill level 6 in Unarmed Combat
  3217 | D:5      | Found a glowing golden altar of the Shining One.
  3242 | D:5      | Noticed Sigmund
  3363 | D:5      | Killed Sigmund
  3368 | D:5      | HP: 11/48 [orc priest/+0 flail (8)]
  3375 | D:5      | Reached skill level 7 in Unarmed Combat
  3377 | D:5      | HP: 14/72 [orc/+0 hand axe (2)]
  3543 | D:5      | Found a staircase to the Ecumenical Temple.
  3555 | Temple   | Entered the Ecumenical Temple
  3564 | Temple   | Became a worshipper of Ashenzari the Shackled
  3605 | D:5      | Found a hazy altar of Hepliaklqana.
  3675 | D:5      | HP: 4/48 [ogre/+0 giant club (25)]
  3677 | D:5      | Demolished by an ogre

Vanquished Creatures
  Sigmund (D:5)
  Eustachio (D:4)
  An ice beast (D:3)
  An ogre (D:5)
  2 black bears (D:4)
  2 bombardier beetles
  3 hounds
  2 orc priests
  An iguana (D:5)
  An orc wizard (D:5)
  8 gnolls
  8 adders
  2 dart slugs
  18 orcs
  4 endoplasms
  4 giant cockroaches
  5 hobgoblins
  3 kobolds
  3 quokkas
  6 ball pythons
  3 bats
  2 frilled lizards (D:1)
  6 goblins
  3 rats
90 creatures vanquished.

Table legend:
 A = Non-vault XP
 B = Vault XP
 C = Vault XP percentage of total XP
 D = Non-vault monster count
 E = Vault monster count
 F = Vault count percentage of total count
                 A         B        C        D         E       F
            +---------+---------+-------+---------+---------+-------
      Total |    1152 |     471 |  29.0 |      83 |       7 |   7.8
            +---------+---------+-------+---------+---------+-------
        D:1 |      64 |       0 |   0.0 |      18 |       0 |   0.0
        D:2 |      44 |      14 |  24.1 |       5 |       2 |  28.6
        D:3 |     221 |       0 |   0.0 |      18 |       0 |   0.0
        D:4 |     465 |     243 |  34.3 |      23 |       4 |  14.8
        D:5 |     358 |     214 |  37.4 |      19 |       1 |   5.0
            +---------+---------+-------+---------+---------+-------

Skill      XL: |  1  2  3  4  5  6  7  8 |
---------------+-------------------------+-----
Stealth        | 1 3 4 5 6 8 10 | 10.0
Unarmed Combat | 4 5 7 |  7.2
Fighting       | |  1.0
Dodging        | |  2.0
Shapeshifting  | |  3.0

Action                     |  1- 3 |  4- 6 |  7- 9 || total
---------------------------+-------+-------+-------++-------
  Melee: Unarmed           |    46 |    69 |    73 ||   188
         Constrict         |    12 |    19 |    12 ||    43
         Tentacles         |    11 |    15 |    12 ||    38
         Punch             |     1 |     2 |     2 ||     5
    Use: Scroll            |     3 |     4 |     3 ||    10
         Potion            |     1 |     1 |     2 ||     4
   Stab: Sleeping          |     6 |    13 |     8 ||    27
 Armour: Skin              |    16 |    31 |    66 ||   113
  Dodge: Dodged            |    25 |    26 |    29 ||    80

Illustrated notes

Table legend:
 A = Kills in this place as a percentage of kills in the entire game.
 B = Kills by you in this place as a percentage of kills by you in the entire game.
 C = Kills by friends in this place as a percentage of kills by friends in the entire game.
 D = Other kills in this place as a percentage of other kills in the entire game.
 E = Experience gained in this place as a percentage of experience gained in the entire game.
 F = Experience gained in this place divided by the number of levels of this place that you have seen.
                   A       B       C       D       E      F
               +-------+-------+-------+-------+-------+----------------------
         Total | 100.0 | 100.0 |   N/A |   N/A | 100.0 | 270.5
       Dungeon | 100.0 | 100.0 |   N/A |   N/A | 100.0 | 324.6
               +-------+-------+-------+-------+-------+----------------------

Table legend: (Time is in decaauts)
 A = Elapsed time spent in this place.
 B = Non-inter-level travel time spent in this place.
 C = Inter-level travel time spent in this place.
 D = Time resting spent in this place.
 E = Time spent auto-exploring this place.
 F = Levels seen in this place.
 G = Mean time per level.
                   A        B        C        D        E       F      G
               +--------+--------+--------+--------+--------+-----+--------+
         Total |   3731 |   3672 |     59 |    307 |   2632 |   6 |  621.8 |
       Dungeon |   3712 |   3669 |     43 |    307 |   2632 |   5 |  742.4 |
        Temple |     18 |      2 |     16 |      0 |      0 |   1 |   18.0 |
               +--------+--------+--------+--------+--------+-----+--------+

Top non-repeatable levels by time:
     D:3: 891 daAuts
     D:2: 819 daAuts
     D:4: 816 daAuts
     D:1: 698 daAuts
     D:5: 487 daAuts
  Temple: 18 daAuts
